 Dungeon Crawl Stone Soup version 0.20.0-10-g0535bb4 (webtiles) character file.

732 HungrySpirit the Cudgeler (level 7, -2/45 HPs)
             Began as a Gargoyle Fighter on June 5, 2017.
             Slain by an ogre
             ... wielding a +0 giant spiked club
              (10 damage)
             ... on level 5 of the Dungeon.
             The game lasted 00:05:46 (4287 turns).

HungrySpirit the Cudgeler (Gargoyle Fighter)        Turns: 4287, Time: 00:05:47

Health: -2/45      AC: 11    Str: 19    XL:     7   Next: 73%
Magic:  7/7        EV:  9    Int:  9    God:
Gold:   229        SH:  0    Dex: 11    Spells: 6/6 levels left

rFire    . . .     SeeInvis .   q - +1 dire flail (crush)
rCold    . . .     Gourm    .   (shield currently unavailable)
rNeg     + . .     Faith    .   b - +0 scale mail
rPois    ∞         Spirit   .   (no helmet)
rElec    +         Reflect  .   (no cloak)
rCorr    .         Harm     .   (no gloves)
MR       +....                  (no boots)
Stlth    ..........             (no amulet)
Regen    0.2/turn               u - ring of protection from magic
MPRegen  0.1/turn               (no ring)

@: no status effects
A: negative energy resistance 1, electricity resistance, unbreathing,
petrification resistance, rot immunity, AC +4
a: no special abilities


You were on level 5 of the Dungeon.
You were hungry.

You visited 1 branch of the dungeon, and saw 5 of its levels.

You collected 229 gold pieces.

Inventory:

Hand Weapons
 a - a +0 flail
 q - a +1 dire flail of crushing (weapon)
 w - a +1 whip of pain
Missiles
 B - 2 throwing nets (quivered)
 F - 51 stones
Armour
 b - a +0 scale mail (worn)
 c - a +0 shield
 A - a +0 buckler
Jewellery
 r - an uncursed ring of magical power {unknown}
 u - a ring of protection from magic (left hand)
Wands
 d - a wand of polymorph (8/24)
 y - a wand of enslavement (8/24)
 D - a wand of flame (21/48)
Scrolls
 g - 2 scrolls of amnesia {unknown}
 h - 2 scrolls of noise {unknown}
 j - 4 scrolls of identify {unknown}
 k - a scroll of enchant armour {unknown}
 p - 3 scrolls of teleportation {unknown}
 s - a scroll of immolation {unknown}
 t - a scroll of fear {unknown}
 v - a scroll of recharging {unknown}
 x - a scroll of remove curse {unknown}
 C - 4 scrolls of enchant weapon {unknown}
Potions
 e - a potion of mutation {unknown}
 l - a potion of agility {unknown}
 m - 2 potions of degeneration {unknown}
 o - 2 potions of curing {unknown}
 E - a potion of resistance {unknown}
Books
 z - a book of Misfortune

   Spells                             Type                      Level
   a - Confusing Touch                Hexes                        1
   b - Confuse                        Hexes                        3
   c - Gell's Gravitas                Translocation                3
   d - Petrify                        Transmutation/Earth          4
   e - Metabolic Englaciation         Hexes/Ice                    5
   f - Yara's Violent Unravelling     Hexes/Transmutation          5
Comestibles
 f - 3 bread rations
 i - 5 fruits
 n - 6 meat rations


   Skills:
 + Level 5.6 Fighting
 * Level 6.7 Maces & Flails
 - Level 3.2 Armour
 + Level 4.6 Shields


You had 6 spell levels left.
You didn't know any spells.

Dungeon Overview and Level Annotations

Branches:
Dungeon (5/15)
 Temple: D:4-7

Altars:
Elyvilon
Gozag
Makhleb

Annotations:
D:4 maniacrov's ghost, amateur HOFi


Innate Abilities, Weirdness & Mutations

You are resistant to torment.
Your stone body is resilient. (AC +4)
You are immune to poison.
You resist negative energy. (rN+)
You are resistant to electric shocks. (rElec)
You can survive without breathing.
You are immune to petrification.
You are immune to rotting.


Message History

The ogre is lightly wounded.
You completely miss the ogre.
The ogre is lightly wounded.
The ogre hits you with a giant spiked club!
You are too injured to fight recklessly!
You are too injured to fight recklessly!
Okay, then.
You closely miss the ogre.
The ogre is lightly wounded.
The ogre hits you with a giant spiked club!
* * * LOW HITPOINT WARNING * * *
You barely miss the ogre.
The ogre is lightly wounded.
Your scale mail prevents you from hitting the ogre.
The ogre is lightly wounded.
The ogre closely misses you.
You sock the ogre!
The ogre is heavily wounded.
The ogre hits you with a giant spiked club!
You die...

#####.#
#.....#
#.#####
#.# #.#
#.# #.#
#.#####
#...@.#
#####O#
.# .#
.. ##


You could see an ogre.

Vanquished Creatures
  Edmund (D:4)
  A phantom (D:4)
  A big kobold (D:5)
  A centaur skeleton (D:5)
  A bullfrog skeleton (D:5)
  5 hounds
  2 orc wizards (D:5)
  8 adders
  A gnoll (D:3)
  A shadow imp (D:5)
  A worm (D:4)
  4 dart slugs
  6 leopard geckos
  6 orcs
  5 giant cockroaches
  5 goblins
  4 hobgoblins
  8 jackals
  A quokka (D:3)
  12 bats
  7 frilled lizards
  16 kobolds
  A leopard gecko skeleton (D:4)
  A quokka skeleton (D:5)
  5 rats
104 creatures vanquished.

Notes
Turn   | Place    | Note
-------+----------+-------------------------------------------
     0 | D:1      | HungrySpirit the Gargoyle Fighter began the quest for the Orb.
     0 | D:1      | Reached XP level 1. HP: 14/14 MP: 1/1
    66 | D:1      | Reached XP level 2. HP: 19/19 MP: 2/2
   352 | D:1      | Reached skill level 3 in Maces & Flails
   355 | D:1      | Reached XP level 3. HP: 22/23 MP: 3/3
  1180 | D:2      | Reached XP level 4. HP: 26/29 MP: 4/4
  1277 | D:2      | Found a white marble altar of Elyvilon.
  1313 | D:2      | Reached skill level 4 in Maces & Flails
  1357 | D:2      | Found a burning altar of Makhleb.
  1359 | D:2      | Found an opulent altar of Gozag.
  1565 | D:3      | Reached XP level 5. HP: 18/33 MP: 5/5
  2086 | D:3      | Reached skill level 5 in Maces & Flails
  2543 | D:4      | Noticed a phantom
  2682 | D:4      | Reached XP level 6. HP: 27/39 MP: 6/6
  2978 | D:4      | Noticed maniacrov's ghost (amateur HOFi)
  3178 | D:4      | Killed a phantom
  3178 | D:4      | Reached skill level 5 in Fighting
  3309 | D:4      | Noticed Edmund
  3332 | D:4      | Killed Edmund
  3332 | D:4      | Reached skill level 6 in Maces & Flails
  3332 | D:4      | Reached XP level 7. HP: 13/44 MP: 7/7
  4011 | D:4      | Noticed a troll
  4104 | D:5      | Entered Level 5 of the Dungeon
  4287 | D:5      | Slain by an ogre

Skill      XL: |  1  2  3  4  5  6 |
---------------+-------------------+-----
Maces & Flails | 3 4 5 6 |  6.7
Fighting       | 4 5 |  5.6
Shields        | 4 |  4.6
Armour         | |  3.2

Action                   |  1- 3 |  4- 6 |  7- 9 || total
-------------------------+-------+-------+-------++-------
Melee: Flail             |   139 |   222 |       ||   361
       Dire flail        |       |       |    76 ||    76
Throw: Throwing net      |       |     2 |       ||     2
  Use: Potion            |       |     2 |       ||     2
  Eat: Chunk             |     1 |     5 |       ||     6
       Royal jelly       |       |     1 |       ||     1
       Fruit             |       |       |     3 ||     3
Armor: Scale mail        |    81 |   137 |    44 ||   262
Dodge: Dodged            |    46 |    88 |    48 ||   182
Block: Shield            |    82 |    90 |       ||   172
       Buckler           |       |    20 |       ||    20
